 Dungeon Crawl Stone Soup version 0.28-a0-919-g0b5b508569 (console) character file.

Game seed: 3773421583759481308

418 jejorda2 the Cudgeller (level 6, 0/40 HPs)
             Began as a Gargoyle Berserker on Nov 25, 2021.
             Was a Priest of Trog.
             Slain by a gnoll shaman (7 damage)
             ... on level 4 of the Dungeon.
             The game lasted 00:08:46 (4557 turns).

jejorda2 the Cudgeller (Gargoyle Berserker)         Turns: 4557, Time: 00:08:47

Health: 0/40       AC: 14    Str: 23    XL:     6   Next: 93%
Magic:  6/6        EV: 11    Int:  7    God:    Trog [***...]
Gold:   156        SH:  0    Dex:  9    Spells: 5/5 levels left

rFire   . . .      SeeInvis .   a - +0 flail
rCold   . . .      Faith    .   (no shield)
rNeg    + . .      Spirit   .   k - +0 ring mail
rPois   ∞          Reflect  .   (no helmet)
rElec   +          Harm     .   (no cloak)
rCorr   .          Rampage  .   n - +0 pair of gloves
Will    ++...                   m - +2 pair of boots
Stlth   ..........              (no amulet)
HPRegen 1.13/turn               (no ring)
MPRegen 0.10/turn               (no ring)

@: lit by a corona, strong-willed, on berserk cooldown, regenerating, slowed,
glowing, very slow
A: sickness immunity, AC +4, negative energy resistance 1, electricity
resistance, torment resistance 1, petrification resistance
a: Renounce Religion, Berserk, Trog's Hand


You were on level 4 of the Dungeon.
You worshipped Trog.
Trog was most pleased with you.
You visited 1 branch of the dungeon, and saw 5 of its levels.

You collected 217 gold pieces.
You spent 61 gold pieces at shops.

Inventory:

Hand Weapons
 a - a +0 flail (weapon)
 g - a +0 hunting sling
Missiles
 c - 143 stones (quivered)
 l - 11 sling bullets
Armour
 k - a +0 ring mail (worn)
 m - a +2 pair of boots (worn)
 n - a +0 pair of gloves (worn)
Scrolls
 e - a scroll of magic mapping
 f - a scroll of blinking {unknown}
Potions
 b - a potion of berserk rage
 d - 2 potions of invisibility {unknown}
 h - a potion of flight {unknown}
 i - a potion of heal wounds {unknown}
 j - 3 potions of attraction {unknown}
 o - a potion of brilliance {unknown}
 r - 2 potions of curing
 s - 2 potions of mutation


   Skills:
 + Level 4.9 Fighting
 * Level 5.7 Maces & Flails
 + Level 4.3 Armour
 - Level 1.5 Dodging


You had 5 spell levels left.
You didn't know any spells.
Your spell library was empty.

Dungeon Overview and Level Annotations

Branches:
Dungeon (5/15)
 Temple: D:4-7

Altars:

Shops:
D:1 =   D:3 *


Innate Abilities, Weirdness & Mutations

You are immune to sickness and miasma.
Your stone body is resilient. (AC +4)
You are immune to poison.
You resist negative energy. (rN+)
You are resistant to electric shocks. (rElec)
You are resistant to unholy torment.
You are immune to petrification.


Message History

The gnoll's wounds heal themselves!
The gnoll hits you but does no damage. The gnoll hits you but does no damage.
The gnoll hits you with a +0 flail.
The gnoll shaman calls upon its god to speed up the gnoll.
The gnoll seems to speed up.
There is a stone staircase leading up here.
The gnoll barely misses you. The gnoll hits you but does no damage.
The gnoll shaman invokes the aid of its god against you.
You are outlined in light.
The gnoll hits you but does no damage.
You climb upwards.
There is a stone staircase leading down here.
Unknown command.
Your skin crawls.
You feel strong-willed. The gnoll barely misses you.
The gnoll shaman hits you but does no damage.
The gnoll hits you with a +0 flail.
The gnoll shaman hits you but does no damage.
Unknown command.
You completely miss the gnoll shaman. The gnoll hits you with a +0 flail!
The gnoll completely misses you.
The gnoll shaman hits you with a +2 whip of venom!
* * * LOW HITPOINT WARNING * * *
The gnoll closely misses you.
You sock the gnoll shaman!
The gnoll shaman is severely wounded.
The gnoll closely misses you.
The gnoll shaman hits you with a +2 whip of venom.
* * * LOW HITPOINT WARNING * * *
The gnoll barely misses you.
The gnoll shaman hits you but does no damage.
It was a potion of curing.
You feel better. The gnoll hits you but does no damage.
The gnoll barely misses you.
The gnoll shaman hits you with a +2 whip of venom.
It was a potion of berserk rage.
You're still recovering from your berserk rage.
The gnoll hits you with a +0 flail!
* * * LOW HITPOINT WARNING * * *
The gnoll shaman hits you with a +2 whip of venom!
You die...

####.........## #.# #
#.###....##### #.# #
##..P#....# #.# # #P..P#...##
#.# # #....#...# #.# #
#..).#...# #:# # #P.......#
######.#### ####....g.#
#..........
###.####..@g#####.###.#####
#...........##........#
#.#.#####...##........# #.#.#
#..?##......#)##
#.#.#####...##.....###.#
##.#..........#......#.##
##...#######.#..........#####
##.....## #...).............
#.......#####........#######.#


You could see a gnoll shaman and a gnoll (fast).

Vanquished Creatures
  An ogre (D:4)
  A bullfrog skeleton (D:4)
  2 iguanas (D:4)
  An orc wizard (D:3)
  A hound skeleton (D:4)
  3 adders
  6 gnolls
  An ufetubus (D:4)
  A worm (D:2)
  6 orcs (D:3)
  12 ball pythons
  8 endoplasms
  13 giant cockroaches
  11 goblins
  10 hobgoblins
  7 jackals (D:1)
  8 kobolds
  5 quokkas
  4 bats
  10 frilled lizards
111 creatures vanquished.

Vanquished Creatures (collateral kills)
  A worm (D:4)
1 creature vanquished.

Vanquished Creatures (others)
  5 plants (D:4)
5 creatures vanquished.

Grand Total: 117 creatures vanquished

Notes
Turn   | Place    | Note
-------+----------+-------------------------------------------
     0 | D:1      | jejorda2 the Gargoyle Berserker began the quest for the
                  | Orb.
     0 | D:1      | Reached XP level 1. HP: 14/14 MP: 1/1
   251 | D:1      | Reached XP level 2. HP: 19/19 MP: 2/2
   741 | D:1      | Found Uvor's Jewellery Emporium.
   742 | D:1      | You fall into a shaft and drop 1 floor!
   833 | D:2      | Reached XP level 3. HP: 23/23 MP: 3/3
  1513 | D:1      | Reached ** piety under Trog
  1827 | D:2      | Reached skill level 4 in Maces & Flails
  1872 | D:2      | Reached XP level 4. HP: 29/29 MP: 4/4
  2809 | D:3      | Reached XP level 5. HP: 30/33 MP: 5/5
  2925 | D:3      | Found Aleus's Assorted Antiques.
  2991 | D:3      | Reached *** piety under Trog
  3617 | D:3      | Bought 2 inky potions for 39 gold pieces
  3617 | D:3      | Bought a scroll labelled EFAFAO HOFUSIS for 22 gold pieces
  3649 | D:4      | Reached skill level 5 in Maces & Flails
  3752 | D:4      | Reached XP level 6. HP: 39/39 MP: 6/6
  4491 | D:5      | Entered Level 5 of the Dungeon
  4557 | D:4      | Slain by a gnoll shaman

Illustrated notes

Levels and vault maps discovered:
D:1:      psy_arrival_statuary, layout_basic, serial_shops, shop
D:2:      layout_loops_cross
D:3:      minmay_roachtagon, layout_basic, serial_shops, nicolae_shop_trees,
          eino_tiny_chamber, chequers_arboretum, amcnicky_mini_corridor_feature,
          kennysheep_cross_bottleneck
D:4:      layout_loops_ring, minmay_lizard_king
D:5:      layout_loops_corners, nzn_wu_jian_contemplation

Skill      XL: |  1  2  3  4  5  6 |
---------------+-------------------+-----
Maces & Flails | 4 5 |  5.7
Armour         | 3 4 |  4.3
Fighting       | 4 |  4.9
Dodging        | |  1.5

Action                   |  1- 3 |  4- 6 || total
-------------------------+-------+-------++-------
Melee: Mace              |   137 |    55 ||   192
       Flail             |       |   138 ||   138
Throw: Stone             |     4 |     5 ||     9
Invok: Berserk           |     3 |     4 ||     7
       Trog's Hand       |       |     1 ||     1
  Use: Scroll            |       |     7 ||     7
       Potion            |       |     2 ||     2
Armor: Animal skin       |    56 |    14 ||    70
       Ring mail         |       |    93 ||    93
Dodge: Dodged            |   112 |   115 ||   227

Table legend: (Time is in decaauts)
 A = Elapsed time spent in this place.
 B = Non-inter-level travel time spent in this place.
 C = Inter-level travel time spent in this place.
 D = Time resting spent in this place.
 E = Time spent auto-exploring this place.
 F = Levels seen in this place.
 G = Mean time per level.
                   A        B        C        D        E       F      G
               +--------+--------+--------+--------+--------+-----+--------+
         Total |   4680 |   4509 |    171 |    377 |   3302 |   5 |  936.0 |
       Dungeon |   4680 |   4509 |    171 |    377 |   3302 |   5 |  936.0 |
               +--------+--------+--------+--------+--------+-----+--------+

Top non-repeatable levels by time:
     D:1: 1580 daAuts
     D:2: 1137 daAuts
     D:3: 1023 daAuts
     D:4: 874 daAuts
     D:5: 65 daAuts
